 Dungeon Crawl Stone Soup version 0.30-a0-159-g068b764562 (webtiles) character file.

Game seed: 11454061158475511639

49 Lolow the Chopper (level 3, -4/33 HPs)
             Began as a Hill Orc Fighter on Sept 27, 2022.
             Slain by a gnoll
             ... wielding a +3 halberd
              (6 damage)
             ... on level 2 of the Dungeon.
             The game lasted 00:06:49 (1454 turns).

Lolow the Chopper (Hill Orc Fighter)                Turns: 1454, Time: 00:06:50

Health: -4/33      AC:  7    Str: 18    XL:     3   Next: 77%
Magic:  3/3        EV:  9    Int:  8    God:
Gold:   35         SH:  4    Dex: 12    Spells: 1/2 levels left

rFire   . . .      SeeInvis .    a - +0 war axe
rCold   . . .      Faith    .    c - +0 buckler
rNeg    . . .      Spirit   .    b - +0 scale mail
rPois   .          Reflect  .    (no helmet)
rElec   .          Harm     .    (no cloak)
rCorr   .          Rampage  .    (no gloves)
Will    .....                    (no boots)
Stlth   ..........               (no amulet)
HPRegen 0.11/turn                (no ring)
MPRegen 0.08/turn                (no ring)

@: attractive
A: no striking features
a: no special abilities


You were on level 2 of the Dungeon.
You visited 1 branch of the dungeon, and saw 2 of its levels.

You collected 35 gold pieces.

Inventory:

Hand Weapons
 a - a +0 war axe (weapon)
 i - a +0 dagger
Missiles
 l - 3 stones (quivered)
Armour
 b - a +0 scale mail (worn)
 c - a +0 buckler (worn)
Scrolls
 g - a scroll of identify {unknown}
 k - a scroll of brand weapon {unknown}
Potions
 d - a potion of might
 e - a potion of lignification {unknown}
 f - a potion of attraction
 h - a potion of ambrosia {unknown}
 j - a potion of degeneration {unknown}


   Skills:
 + Level 3.9 Fighting
 + Level 4.0 Axes
 + Level 3.9 Armour
 + Level 3.6 Shields


You had one spell level left.
You knew the following spells:

 Your Spells              Type           Power      Damage    Failure   Level
a - Apportation           Tloc           0%         N/A       87%         1

Your spell library contained the following spells:

 Spells                   Type           Power      Damage    Failure   Level
 Alistair's Intoxication  Tmut/Pois      0%         N/A       100%        5


Dungeon Overview and Level Annotations

Branches:
Dungeon (2/15)

Altars:


Message History

The giant cockroach barely misses you.
You closely miss the giant cockroach.
The giant cockroach bites you but does no damage. x2
You hit the giant cockroach.
You kill the giant cockroach!
You see here a giant cockroach corpse.
An endoplasm and a gnoll come into view.
The endoplasm quivers.
A gnoll comes into view. It is wielding a +3 halberd.
The gnoll shouts!
You hear a shout!
You slash the gnoll!
The gnoll is heavily wounded.
The gnoll hits you but does no damage. The gnoll barely misses you.
You hit the gnoll.
You kill the gnoll!
The gnoll closely misses you.
Your Axes skill increases to level 4!
The gnoll closely misses you. The gnoll barely misses you.
A gnoll comes into view. It is wielding a +0 club.
The gnoll hits you with a +3 halberd!
Things that are here:
a +0 club; a gnoll corpse The gnoll shouts!
You hit the gnoll but do no damage. The gnoll misses you.
The gnoll hits you with a +3 halberd!
* * * LOW HITPOINT WARNING * * *
You block the gnoll's attack.
Found a scroll labelled ISOSHO MEGOHE.
It was a potion of attraction.
You feel attractive to monsters.
You barely miss the gnoll. The gnoll hits you with a +0 club.
* * * LOW HITPOINT WARNING * * *
The gnoll barely misses you.
You hit the gnoll.
The gnoll is moderately wounded.
The gnoll hits you with a +0 club.
* * * LOW HITPOINT WARNING * * *
The gnoll hits you from afar with a +3 halberd.
You die...

,,,,,,,,,,***,,,,,,,,,**,,,,,,>,,
,,,...,,,.+,**8,,,,,8*##,****,***
.,,...,,,..#***#+++###.?,,,,,,*
.,,..#**##..####...#..#.,********
##+#.# #...............,,,,,,,,,
##.#.# #.#.............,,,*,****
##.#.# #..##...........,**,,*
##.#.# #..#.#..........*,*,,*
##.#.####...#.##@.....#*,*,,,*
........#....##g#....#.#*,,,,*
........†....#g#.#..#.#,*.,,,**
........+†....#)##..##,*..,,,,*
##......#......##....##...,,,,*
#.#...##.....J...........,,,,*
#.#...##.................,,,,***
#.#...##......##g...##.,,,,,,,,,
*#.#...##.....#.##g.##,*,,,,,,***


You could see 2 gnolls.

Vanquished Creatures
  A gnoll (D:2)
  3 ball pythons
  2 endoplasms (D:1)
  4 giant cockroaches
  6 goblins (D:1)
  5 hobgoblins (D:1)
  3 kobolds (D:1)
  2 quokkas (D:1)
  6 bats
  2 rats (D:1)
34 creatures vanquished.

Vanquished Creatures (others)
  4 plants (D:1)
4 creatures vanquished.

Grand Total: 38 creatures vanquished

Notes
Turn   | Place    | Note
-------+----------+-------------------------------------------
     0 | D:1      | Lolow the Hill Orc Fighter began the quest for the Orb.
     0 | D:1      | Reached XP level 1. HP: 19/19 MP: 1/1
   148 | D:1      | Reached XP level 2. HP: 23/27 MP: 2/2
   306 | D:1      | Reached skill level 3 in Axes
   549 | D:1      | You fall into a shaft and drop 1 floor!
   644 | D:1      | Reached XP level 3. HP: 33/33 MP: 3/3
  1052 | D:1      | Learned a level 1 spell: Apportation
  1445 | D:2      | Reached skill level 4 in Axes
  1454 | D:2      | Slain by a gnoll

Illustrated notes

Levels and vault maps discovered:
D:1:      tarquinn_simple_flora_water_a, layout_loops_corners
D:2:      layout_basic, serial_shops, shop, shop,
          shapermc_ecumenical_altar_hornbeckon, minmay_misc_feat_secret_circle,
          kennysheep_donut

Skill      XL: |  1  2  3 |
---------------+----------+-----
Axes           | 3 4 |  4.0
Fighting       | |  3.9
Armour         | |  3.9
Shields        | |  3.6

Action                   || total
-------------------------++-------
Melee: War axe           ||    98
Throw: Stone             ||     3
  Use: Scroll            ||     2
       Potion            ||     1
Armor: Scale mail        ||    45
Dodge: Dodged            ||    34
Block: Buckler           ||    16

Table legend: (Time is in decaauts)
 A = Elapsed time spent in this place.
 B = Non-inter-level travel time spent in this place.
 C = Inter-level travel time spent in this place.
 D = Time resting spent in this place.
 E = Time spent auto-exploring this place.
 F = Levels seen in this place.
 G = Mean time per level.
                   A        B        C        D        E       F      G
               +--------+--------+--------+--------+--------+-----+--------+
         Total |   1493 |   1493 |      0 |    133 |    960 |   2 |  746.5 |
       Dungeon |   1493 |   1493 |      0 |    133 |    960 |   2 |  746.5 |
               +--------+--------+--------+--------+--------+-----+--------+

Top non-repeatable levels by time:
     D:1: 1356 daAuts
     D:2: 137 daAuts
